 Dungeon Crawl Stone Soup version 0.22-a0-389-g8519d86 (webtiles) character file.

167 mortelune the Chopper (level 5, 0/46 HPs)
             Began as a Hill Orc Gladiator on Apr 30, 2018.
             Slain by an adder (3 damage)
             ... on level 3 of the Dungeon.
             The game lasted 00:08:56 (3122 turns).

mortelune the Chopper (Hill Orc Gladiator)          Turns: 3122, Time: 00:08:56

Health: 0/46       AC:  7    Str: 18    XL:     5   Next: 48%
Magic:  5/5        EV: 16    Int:  8    God:
Gold:   81         SH:  0    Dex: 17    Spells: 4/4 levels left

rFire    . . .     SeeInvis .   a - +0 war axe
rCold    . . .     Gourm    .   (no shield)
rNeg     . . .     Faith    .   n - +0 scale mail
rPois    .         Spirit   .   c - +0 helmet
rElec    .         Reflect  .   (no cloak)
rCorr    .         Harm     .   (no gloves)
MR       .....                  (no boots)
Stlth    +.........             (no amulet)
HPRegen  0.15/turn              (no ring)
MPRegen  0.09/turn              (no ring)

@: agile, lethally poisoned (0 -> -8), very slow
A: no striking features
a: no special abilities


You were on level 3 of the Dungeon.
You were very hungry.

You visited 1 branch of the dungeon, and saw 4 of its levels.

You collected 81 gold pieces.

Inventory:

Hand Weapons
 a - a +0 war axe (weapon)
Missiles
 d - 3 throwing nets (quivered)
Armour
 b - a +0 leather armour
 c - a +0 helmet (worn)
 j - a +0 ring mail
 n - a +0 scale mail (worn)
Scrolls
 g - 4 scrolls of remove curse {unknown}
 k - 3 scrolls of identify {unknown}
 l - a scroll of teleportation {unknown}
 o - a scroll of enchant weapon {unknown}
 p - a scroll of amnesia {unknown}
Potions
 e - a potion of agility
 h - a potion of degeneration {unknown}
 i - a potion of cancellation {unknown}
 m - a potion of haste {unknown}
 q - a potion of flight {unknown}
Comestibles
 f - 3 rations


   Skills:
 + Level 4.2 Fighting
 + Level 5.6 Axes
 - Level 1.7 Throwing
 + Level 2.9 Armour
 - Level 2.4 Dodging


You had 4 spell levels left.
You didn't know any spells.

Dungeon Overview and Level Annotations

Branches:
Dungeon (4/15)
 Temple: D:4-7

Altars:
Ru
Vehumet

Portals:
Sewer: D:3

Annotations:
D:4 Iko's ghost, weakling NaCK


Message History

The adder bites you.
* * * LOW HITPOINT WARNING * * *
You closely miss the adder.
The adder is moderately wounded.
The adder misses you. The bat barely misses you. The adder bites you.
* * * LOW HITPOINT WARNING * * *
You are lethally poisoned!
The adder poisons you!
Your unstable footing causes you to fumble your attack.
* * * LOW HITPOINT WARNING * * *
You feel sick. The bat barely misses you. The adder bites you.
* * * LOW HITPOINT WARNING * * *
You are more poisoned.
The adder poisons you!
It was a potion of agility.
You feel agile all of a sudden.
* * * LOW HITPOINT WARNING * * *
You feel sick. The bat misses you. The adder barely misses you.
The bat closely misses you. The adder bites you.
You die...

#...........####...
#########.#....#..#
#.####.....
#..........
#######.... ##.#..
#....) ##########
###...#. #.@S≈≈≈≈≈∩
#...#†#.
#b##########..##...
#.###.........###..
#...b)........# ###
#####.........# #
#.........##
##.........#
#.[........##
#...........###


You could see an adder and a bat.

Vanquished Creatures
  An orc priest (D:3)
  A worker ant (D:3)
  An adder (D:2)
  3 worms
  3 dart slugs
  A leopard gecko (D:1)
  9 orcs (D:3)
  11 bats
  4 giant cockroaches
  5 goblins
  9 hobgoblins
  7 jackals
  2 quokkas (D:2)
  A ball python (D:2)
  4 frilled lizards
  5 kobolds
  10 rats
  A fungus (D:1)
78 creatures vanquished.

Notes
Turn   | Place    | Note
-------+----------+-------------------------------------------
     0 | D:1      | mortelune the Hill Orc Gladiator began the quest for the Orb.
     0 | D:1      | Reached XP level 1. HP: 18/18 MP: 1/1
   184 | D:1      | Reached XP level 2. HP: 3/25 MP: 2/2
   503 | D:1      | Reached skill level 1 in Armour
   869 | D:1      | Reached XP level 3. HP: 22/31 MP: 3/3
  1783 | D:2      | Found a radiant altar of Vehumet.
  1815 | D:2      | Reached skill level 5 in Axes
  1815 | D:2      | Reached XP level 4. HP: 27/38 MP: 4/4
  2474 | D:2      | You fall through a shaft for 2 floors!
  2565 | D:4      | Noticed Iko's ghost (weakling NaCK)
  2592 | D:3      | Reached XP level 5. HP: 23/46 MP: 5/5
  2733 | D:3      | Noticed a phantom
  2822 | D:3      | Found a sacrificial altar of Ru.
  3114 | D:3      | Found a glowing drain.
  3122 | D:3      | Slain by an adder

Vault maps used:
D:1:      dpeg_cavernosity
D:2:      vehumet_crystals, lemuel_doored_altar, nicolae_overflow_hidden_temple
D:3:      portal_sewer_entry_d, minivault_25, nicolae_ru_path_of_blood
D:4:      grunt_temple_overflow_open

Skill      XL: |  1  2  3  4  5 |
---------------+----------------+-----
Armour         | 1 2 |  2.9
Fighting       | 3 4 |  4.2
Axes           | 5 |  5.6
Throwing       | |  1.7
Dodging        | |  2.4

Action                   |  1- 3 |  4- 6 || total
-------------------------+-------+-------++-------
Melee: War axe           |   152 |   125 ||   277
  Use: Potion            |       |     1 ||     1
 Stab: Sleeping          |     2 |       ||     2
  Eat: Chunk             |     3 |     3 ||     6
Armor: Leather armour    |    33 |       ||    33
       Ring mail         |     9 |    13 ||    22
       Scale mail        |       |    90 ||    90
Dodge: Dodged            |   117 |   113 ||   230

Table legend:
 A = Spawn XP
 B = Non-spawn XP
 C = Spawn XP percentage of total XP
 D = Spawn monster count
 E = Non-spawn monster count
 F = Spawn count percentage of total count
 G = Total turns spent on level
                    A         B        C        D         E        F      G
               +---------+---------+-------+---------+---------+-------+---------
         Total |       0 |     239 |   0.0 |       0 |      77 |   0.0 |  3122
               +---------+---------+-------+---------+---------+-------+---------
           D:1 |       0 |      60 |   0.0 |       0 |      33 |   0.0 |  1698
           D:2 |       0 |      52 |   0.0 |       0 |      19 |   0.0 |   782
           D:3 |       0 |     122 |   0.0 |       0 |      24 |   0.0 |   538
           D:4 |       0 |       5 |   0.0 |       0 |       1 |   0.0 |   104
               +---------+---------+-------+---------+---------+-------+---------
